 Dungeon Crawl Stone Soup version 0.30.1-11-g7821555f0a (webtiles) character file.

Game seed: 4221390856949554668

1572028 ratatoskos the Englaciator (level 27, 228/228 HPs)
             Began as a Ghoul Ice Elementalist on Nov 11, 2023.
             Was the Champion of Vehumet.
             Escaped with the Orb
             ... and 3 runes on Nov 12, 2023!
             The game lasted 06:38:23 (87991 turns).

ratatoskos the Englaciator (GhIE)                  Turns: 87991, Time: 06:38:23

Health: 228/228    AC: 33    Str: 22    XL:     27
Magic:  45/45      EV: 16    Int: 26    God:    Vehumet [******]
Gold:   7139       SH:  0    Dex: 14    Spells: 6/64 levels left

rFire   + + .        g - staff of cold
rCold   + + .        (no shield)
rNeg    + + +        n - +8 fire dragon scales
rPois   ∞            l - +2 hat {SInv}
rElec   +            q - +1 cloak of Vexation {Dex+5}
rCorr   +            e - +2 pair of gloves
SInv    +            z - +2 pair of boots {Fly}
Will    ++...        b - amulet of magic regeneration Stlth
                     F - ring of Kaceet {rCorr Int+6}
HPRegen 0.58/turn    u - ring of Lyoceuwn {rElec rC+ Str+6}
MPRegen 0.69/turn

%: no passive effects
@: flying, studying Short Blades
A: claws 1, cold resistance 1, negative energy resistance 3, inhibited
regeneration, torment resistance 2, devour on kill
0: Orb of Zot
}: 3/15 runes: decaying, silver, gossamer
a: Renounce Religion


You escaped.
You worshipped Vehumet.
Vehumet was exalted by your worship.
You visited 11 branches of the dungeon, and saw 51 of its levels.
You visited the Abyss 3 times.
You also visited: Trove, Ice Cave and Volcano.

You collected 9771 gold pieces.
You spent 2632 gold pieces at shops.

Inventory:

Armour
 e - a +2 pair of gloves (worn)
 l - a +2 hat of see invisible (worn)
 n - +8 fire dragon scales (worn)
 q - the +1 cloak of Vexation (worn) {Dex+5}
   (You found it on level 1 of the Elven Halls)

   Dex:       It affects your dexterity (+5).
 z - a +2 pair of boots of flying (worn)
Magical Staves
 g - a staff of cold (weapon)
Jewellery
 b - an amulet of magic regeneration (around neck)
 u - the ring of Lyoceuwn (right hand) {rElec rC+ Str+6}
   (You found it on level 4 of the Depths)

   [ring of strength]

   Str:       It affects your strength (+6).
   rC:        It protects you from cold.
   rElec:     It insulates you from electricity.
 F - the ring of Kaceet (left hand) {rCorr Int+6}
   (You acquired it on level 14 of the Dungeon)

   [ring of resist corrosion]

   Int:       It affects your intelligence (+6).
   rCorr:     It protects you from acid and corrosion.
Wands
 k - a wand of digging (30)
 M - a wand of mindburst (33)
 R - a wand of paralysis (53)
 W - a wand of light (22)
 X - a wand of iceblast (61)
Scrolls
 a - 4 scrolls of enchant armour
 c - 6 scrolls of vulnerability
 d - 11 scrolls of amnesia
 f - 6 scrolls of blinking
 h - a scroll of fog
 o - 5 scrolls of fear
 s - 21 scrolls of teleportation
 A - 3 scrolls of silence
 H - 5 scrolls of torment
 K - 10 scrolls of immolation
 N - 8 scrolls of poison
Potions
 i - 8 potions of brilliance
 p - 5 potions of ambrosia
 r - 2 potions of haste
 v - 8 potions of cancellation
 w - 14 potions of curing
 x - 10 potions of resistance
 I - 4 potions of heal wounds
 Q - 3 potions of magic
 Y - 5 potions of invisibility
Miscellaneous
 B - a condenser vane
 J - a phial of floods
 T - a phantom mirror (inert)
 U - a box of beasts


   Skills:
 - Level 15.3 Fighting
 - Level 12.0 Staves
 - Level 16.0 Armour
 - Level 14.2 Dodging
 - Level 2.1 Stealth
 - Level 19.3 Spellcasting
 - Level 2.0 Conjurations
 - Level 4.0 Summonings
 - Level 9.0 Necromancy
 - Level 4.0 Translocations
 O Level 27 Ice Magic
 + Level 24.6 Earth Magic
 - Level 14.0 Evocations


You had 6 spell levels left.
You knew the following spells:

 Your Spells              Type           Power      Damage    Failure   Level
a - Freeze                Ice            100%       1d10      0%          1
b - Frozen Ramparts       Ice            100%       1d16      0%          3
c - Ozocubu's Armour      Ice            100%       N/A       0%          3
d - Kiss of Death         Conj/Necr      100%       2d13      1%          1
e - Summon Ice Beast      Ice/Summ       100%       N/A       1%          4
f - Ozocubu's Refrigerat  Ice            64%        4d21      1%          7
g - Polar Vortex          Ice            64%        N/A       1%          9
h - Borgnjor's Vile Clut  Necr/Erth      42%        N/A       1%          5
i - Hailstorm             Conj/Ice       100%       3d20      1%          3
j - Lee's Rapid Deconstr  Erth           50%        3d24*     0%          5
k - Blink                 Tloc           90%        N/A       1%          2
l - Iron Shot             Conj/Erth      38%        9d8       1%          6
m - Shatter               Erth           50%        3d38*     4%          9

Your spell library contained the following spells:

 Spells                   Type           Power      Damage    Failure   Level
 Lehudib's Crystal Spear  Conj/Erth      38%        10d9      26%         8
 Sandblast                Erth           100%       2d20      0%          1
 Apportation              Tloc           90%        N/A       1%          1
 Magic Dart               Conj           100%       1d8       1%          1
 Shock                    Conj/Air       100%       1d9       1%          1
 Call Imp                 Summ           90%        N/A       1%          2
 Cigotuvi's Dreadful Rot  Necr/Pois/Air  80%        N/A       1%          2
 Ensorcelled Hibernation  Hex/Ice        100%       N/A       1%          2
 Lesser Beckoning         Tloc           90%        N/A       1%          2
 Momentum Strike          Conj/Tloc      80%        3d10      1%          2
 Passwall                 Tmut/Erth      60%        N/A       1%          2
 Poisonous Vapours        Pois/Air       50%        N/A       1%          2
 Scorch                   Fire           50%        2d7       1%          2
 Searing Ray              Conj           70%        2d7       1%          2
 Stone Arrow              Conj/Erth      100%       3d13      1%          3
 Vampiric Draining        Necr           64%        2d10      1%          3
 Volatile Blastmotes      Fire/Tloc      70%        2d15      1%          3
 Animate Dead             Necr           64%        N/A       1%          4
 Petrify                  Tmut/Erth      73%        N/A       1%          4
 Freezing Cloud           Conj/Ice/Air   42%        6-21      1%          5
 Simulacrum               Ice/Necr       54%        N/A       1%          6
 Call Canine Familiar     Summ           45%        N/A       2%          3
 Dazzling Flash           Conj/Hex       60%        N/A       2%          3
 Gell's Gravitas          Tloc           45%        N/A       2%          3
 Mephitic Cloud           Conj/Pois/Air  28%        N/A       2%          3
 Teleport Other           Tloc           45%        N/A       2%          3
 Slow                     Hex            100%       N/A       3%          1
 Sting                    Tmut/Pois      100%       1d8       3%          1
 Ignite Poison            Fire/Tmut/Pois 25%        N/A       3%          3
 Inner Flame              Hex/Fire       25%        N/A       3%          3
 Iskenderun's Mystic Bla  Conj/Tloc      40%        2d9       3%          4
 Portal Projectile        Hex/Tloc       70%        N/A       4%          3
 Anguish                  Hex/Necr       24%        N/A       6%          4
 Flame Wave               Conj/Fire      30%        2d9       7%          4
 Fulminant Prism          Conj/Hex       15%        3d11      7%          4
 Sticky Flame             Conj/Fire      30%        2d5       7%          4
 Passage of Golubria      Tloc           45%        N/A       8%          4
 Airstrike                Air            12%        2d(2-18)  11%         4
 Olgreb's Toxic Radiance  Pois           25%        N/A       11%         4
 Confusing Touch          Hex            25%        N/A       12%         3
 Swiftness                Air            25%        N/A       12%         3
 Tukima's Dance           Hex            25%        N/A       12%         3
 Iskenderun's Battlesphe  Conj           35%        2d9       13%         5
 Death Channel            Necr           32%        N/A       14%         6
 Summon Lightning Spire   Summ/Air       35%        N/A       17%         4
 Fireball                 Conj/Fire      15%        3d8       17%         5
 Irradiate                Conj/Tmut      15%        3d16      17%         5
 Yara's Violent Unravell  Hex/Tmut       12%        3d7       26%         5
 Cause Fear               Hex            12%        N/A       36%         4
 Conjure Ball Lightning   Conj/Air       15%        3x3d6     65%         6
 Starburst                Conj/Fire      15%        6d6       65%         6
 Alistair's Intoxication  Tmut/Pois      16%        N/A       71%         5
 Dispersal                Tloc           22%        N/A       75%         6
 Spellforged Servitor     Conj/Summ      20%        N/A       90%         7
 Orb of Destruction       Conj           17%        9d7       96%         7
 Malign Gateway           Summ/Tloc      22%        N/A       99%         7
 Summon Hydra             Summ           22%        N/A       99%         7
 Enfeeble                 Hex            12%        N/A       100%        7
 Discord                  Hex            12%        N/A       100%        8
 Disjunction              Tloc           22%        N/A       100%        8
 Ignition                 Fire           12%        3d6       100%        8
 Maxwell's Capacitive Co  Air            12%        ∞         100%        8
 Summon Horrible Things   Summ           22%        N/A       100%        8
 Dragon's Call            Summ           22%        N/A       100%        9
 Fire Storm               Conj/Fire      15%        8d4       100%        9
 Sublimation of Blood     Necr           Unusable   N/A       N/A         2
 Ice Form                 Ice/Tmut       Unusable   N/A       N/A         4
 Wereblood                Tmut           Unusable   N/A       N/A         2
 Spider Form              Tmut/Pois      Unusable   N/A       N/A         3
 Blade Hands              Tmut           Unusable   N/A       N/A         5
 Dragon Form              Tmut           Unusable   N/A       N/A         7
 Storm Form               Tmut/Air       Unusable   N/A       N/A         7

Dungeon Overview and Level Annotations

Branches:
Dungeon (15/15)            Temple (1/1) D:6            Lair (5/5) D:10
  Swamp (4/4) Lair:3       Spider (4/4) Lair:3        Slime (0/5) Lair:5
    Orc (2/2) D:10            Elf (3/3) Orc:2        Vaults (5/5) D:14
  Crypt (3/3) Vaults:2       Tomb (0/3) Crypt:3      Depths (4/4) D:15
    Zot (5/5) Depths:4      IceCv (visited)         Volcano (visited)

Altars:
Ashenzari
Cheibriados
Dithmenos
Fedhas
Gozag
Hepliaklqana
Kikubaaqudgha
Makhleb
Nemelex Xobeh
Okawaru
Qazlal
Ru
Sif Muna
Trog
Uskayaw
Vehumet
Wu Jian
Xom
Yredelemnul
Jiyva

Shops:
D:5 [   D:10 *   Orc:2 !*=!   Elf:2 :*   Elf:3 :*   Vaults:3 *   Vaults:4 =*

Portals:
Hell: Depths:1 Depths:2 Depths:3 Depths:4
Abyss: Vaults:2 Depths:3 Depths:4
Pandemonium: Depths:2
Ziggurat: Depths:4

Annotations:
Depths:1 Boris


Innate Abilities, Weirdness & Mutations

You are immune to poison.
You have sharp fingernails.
Your flesh is cold resistant. (rC+)
You are immune to negative energy. (rN+++)
You do not regenerate when monsters are visible.
You are immune to unholy pain and torment.
You thrive by killing the living.


Message History

There is a stone staircase leading up here.
You fly upwards.
There is a stone staircase leading down here.
There is a stone staircase leading up here.
You fly upwards.
There is a stone staircase leading down here.
An Orb Guardian comes into view.
The Orb Guardian hits you but does no damage.
You hit the Orb Guardian! You freeze the Orb Guardian!
The Orb Guardian is moderately wounded.
You hit the Orb Guardian but do no damage.
You freeze the Orb Guardian!!
The Orb Guardian is heavily wounded.
The Orb Guardian hits you!!
You closely miss the Orb Guardian.
The Orb Guardian is heavily wounded.
The Orb Guardian hits you!
You hit the Orb Guardian but do no damage.
You freeze the Orb Guardian!!!
You kill the Orb Guardian!
Vehumet accepts your kill.
You feel better.
There is a stone staircase leading up here.
You fly upwards.
There is a stone staircase leading down here.
HP restored.
You see here a +0 robe.
You see here a +0 dagger.
You reach down and open the door.
There is an open door here.
There is an open door here.
There is an open door here.
There is an open door here.
There is a large open door here.
There is a large open door here.
There is an open door here.
There is a large open door here.
There is an open door here.
There is a staircase leading out of the dungeon here.
You have escaped!

#.........#.....# #.###...
#.........##..#.###...#...
#.........'.^....###..#.#.
#...################....#.
#...#.....'......#...####.
#...#.#...'....#.#........
#...#.....#......###.)....
#...#...######...# #.####.
#...#...#@'..#...# #.# #.
###'##''###..#...# #.# #.
#...#....##''##'## #.# #.
#...#....#...#...# #.# #.
#...#....#...#...###.# #.
#...#....'...#...#...# #.
#...##########...##..# #.
#........'.......##..# #.
#........#.......##..####.


There were no monsters in sight!

Vanquished Creatures
  5 dread liches
  3 ancient liches
  3 orbs of fire (Zot:5)
  The ghost of Uneer the Black Belt, a legendary GnFE of Okawaru (Zot:1)
  The ghost of Rihmasto the Conqueror, a legendary MiBe of Trog (Zot:5)
  2 juggernauts (Depths:3)
  Sojobo (Depths:2)
  Boris (twice) (Crypt:1 Crypt:2)
  the Lernaean hydra (Swamp:4)
  14 Killer Klowns
  Margery (Vaults:4)
  Frederick (Depths:3)
  A curse toe (Zot:4)
  3 caustic shrikes (Depths:4)
  10 golden dragons
  A profane servitor (Zot:4)
  The ghost of Prykner the Peltast, an adept FoFi of Cheibriados (Vaults:2)
  5 bone dragons
  A Brimstone Fiend (Depths:1)
  2 electric golems (Zot:5)
  27 Orb Guardians
  Zenata (Vaults:4)
  6 liches
  18 tentacled monstrosities
  A Hell Sentinel (Depths:1)
  Asterion (Vaults:3)
  Jorgrun (Orc:1)
  An Ice Fiend (Zot:4)
  Mlioglotl (Swamp:1)
  15 quicksilver dragons
  A deep elf blademaster (Elf:3)
  2 titans (Vaults:5)
  A deep elf master archer (Elf:3)
  7 sphinxes
  A thorn hunter (Swamp:1)
  7 tentacled starspawn
  9 death cobs
  7 ancient champions
  15 storm dragons
  8 shadow dragons
  The ghost of Poli the Fighter, an adept MiFi of Okawaru (Depths:3)
  4 revenants
  10 tengu reavers
  3 draconian knights
  The ghost of Sialonla the Warrior, an adept MfVM of Hepliaklqana (Depths:3)
  A demonspawn warmonger (Depths:2)
  18 draconian monks
  18 vault wardens
  3 fenstrider witches
  15 deep elf sorcerers
  2 iron dragons
  10 fire giants
  8 frost giants
  3 emperor scorpions
  11 draconian shifters
  4 draconian scorchers
  A juggernaut zombie (Depths:2)
  Aizul (Vaults:3)
  5 orc warlords
  3 curse skulls
  6 ghost moths
  An angel (Abyss:2)
  8 ghouls
  6 deep elf elementalists
  20 ironbound preservers
  A demonspawn blood saint (Depths:2)
  6 draconian stormcallers
  8 stone giants
  6 draconian annihilators
  A reaper (Crypt:3)
  2 cacodemons
  3 spriggan defenders
  30 very ugly things
  2 rockslime zombies (Crypt:2)
  8 vampire knights
  6 ironbound thunderhulks
  3 eleionomae
  2 bunyips (Swamp:4)
  8 deep elf demonologists
  4 war gargoyles
  A lorocyproca (D:8)
  A starflower (Abyss:2)
  11 green draconians
  10 yellow draconians
  4 spark wasps
  21 black draconians
  10 dire elephants
  4 deep elf annihilators
  32 purple draconians
  15 red draconians
  13 white draconians
  8 deep elf death magi
  Snorg (Lair:3)
  3 blizzard demons
  A merfolk impaler (Depths:4)
  8 jiangshi
  12 eidola
  7 crystal guardians
  A green death (D:9)
  An entropy weaver (shapeshifter) (D:14)
  Josephine (Lair:3)
  A fire dragon (shapeshifter) (Vaults:5)
  6 entropy weavers
  24 ettins
  9 fire dragons
  15 yaktaur captains
  7 deep elf high priests
  3 great orbs of eyes
  An ice dragon (Depths:1)
  A spriggan zombie (Crypt:1)
  5 spriggan air magi
  3 peacekeepers
  35 vault guards
  An elf skeleton (Crypt:1)
  19 hydras
  10 ironbound frosthearts
  4 ogre magi
  5 catoblepae
  A caustic shrike simulacrum (IceCv)
  5 radroaches
  2 rakshasas
  12 centaur warriors
  3 death knights
  25 two-headed ogres
  A fenstrider witch skeleton (Crypt:3)
  3 ghost crabs
  A two-headed ogre (shapeshifter) (Vaults:5)
  24 dancing weapons
  2 jorogumos
  5 alligators
  4 tengu warriors
  16 boulder beetles
  8 vampire magi
  4 spriggan berserkers
  6 deep troll earth magi
  3 deep troll shamans
  An alligator (shapeshifter) (D:9)
  9 thrashing horrors
  15 death yaks
  9 hell knights
  An orc high priest (Orc:2)
  16 large abominations (Abyss:2)
  12 deep elf knights
  7 goliath frogs
  10 wretched stars (Abyss:2)
  8 pharaoh ants
  20 shadow wraiths (Crypt:3)
  A sun demon (Abyss:2)
  2 skysharks
  5 iron trolls
  A sun moth (Spider:4)
  3 sixfirhies (Abyss:2)
  A death drake (Swamp:4)
  7 flayed ghosts
  4 orb spiders
  34 skeletal warriors
  A deep troll (shapeshifter) (Vaults:3)
  3 spriggan druids
  46 deep trolls
  10 swamp dragons
  An orange crystal statue (IceCv)
  4 bog bodies
  25 phantasmal warriors
  A spectral hydra (Crypt:3)
  An iron giant skeleton (Crypt:1)
  4 deep elf archers
  A bunyip skeleton (Crypt:1)
  3 glowing orange brains
  4 lindwurms
  12 wizards
  A shadow dragon zombie (Depths:2)
  A jorogumo zombie (Crypt:1)
  13 orc knights
  31 deep elf zephyrmancers
  A golden dragon skeleton (Crypt:1)
  6 steelbarb worms
  23 ironbound convokers
  9 necromancers
  30 deep elf pyromancers
  A shadow dragon skeleton (Depths:2)
  15 wolf spiders
  18 harpies
  An iron dragon zombie (Depths:2)
  3 cyclopes (shapeshifter)
  An oklob plant (Lair:4)
  A wolf spider (shapeshifter) (Vaults:5)
  An orc sorcerer (Orc:1)
  13 manticores
  34 ugly things
  39 moths of wrath
  9 cyclopes
  9 will-o-the-wisps
  11 elephants
  3 apocalypse crabs
  2 molten gargoyles (Volcano)
  A spectral centaur (Crypt:3)
  A black mamba (shapeshifter) (D:14)
  2 black mambas
  A titan simulacrum (Crypt:1)
  2 naga magi (Vaults:2)
  A guardian serpent (Lair:1)
  25 vault sentinels
  A dire elephant zombie (Crypt:2)
  9 torpor snails
  A torpor snail (shapeshifter) (D:9)
  4 gargoyles
  Joseph (Lair:1)
  A naga skeleton (Crypt:1)
  6 cane toads
  5 smoke demons (Abyss:2)
  11 demonic crawlers
  An alligator snapping turtle zombie (Abyss:2)
  2 centaur skeletons
  An elephant slug zombie (Crypt:3)
  A hellion (Depths:2)
  2 orange demons
  A komodo dragon (shapeshifter) (Vaults:5)
  A kobold demonologist (D:12)
  8 komodo dragons
  53 yaktaurs
  A redback zombie (Crypt:3)
  An unseen horror (Abyss:2)
  4 efreet
  A catoblepas zombie (Crypt:1)
  5 tengu conjurers
  A rime drake (shapeshifter) (Elf:3)
  A spark wasp simulacrum (Depths:2)
  3 rime drakes
  8 freezing wraiths
  An anaconda simulacrum (IceCv)
  4 ancient zymes (Abyss:2)
  A red devil (Depths:2)
  A merfolk (D:15)
  A spectral harpy (Crypt:3)
  17 trolls
  3 bloated husks
  A meliai (shapeshifter) (D:13)
  7 meliai
  A shadow dragon simulacrum (Crypt:1)
  Prince Ribbit (D:5)
  A golden dragon simulacrum (IceCv)
  2 polar bears
  12 tyrant leeches
  An iron troll skeleton (Crypt:3)
  A troll (shapeshifter) (D:9)
  5 hellwings
  13 tarantellas
  16 raiju (Abyss:2)
  A merfolk (shapeshifter) (Vaults:5)
  A dream sheep (shapeshifter) (Vaults:5)
  8 hornets
  A snapping turtle (shapeshifter) (D:9)
  9 blink frogs
  A jumping spider (shapeshifter) (D:13)
  A fire dragon zombie (Crypt:3)
  12 flying skulls
  A culicivora (shapeshifter) (D:9)
  15 culicivoras
  11 spriggans
  6 shadows (Crypt:3)
  2 vampires
  20 wraiths
  20 jumping spiders
  Sigmund (D:5)
  48 slime creatures
  3 wyverns
  10 ynoxinuls
  A dire elephant simulacrum (IceCv)
  4 fire elementals
  18 humans (D:14)
  14 water elementals
  39 yaks
  2 fire bats (Volcano)
  A redback (shapeshifter) (Vaults:5)
  A yak (shapeshifter) (Vaults:2)
  7 golden eyes
  3 chaos spawn
  6 neqoxecs
  26 redbacks
  3 basilisks
  A faun zombie (Crypt:1)
  16 small abominations (Abyss:2)
  24 vampire mosquitoes
  2 steam dragons (D:7)
  2 harpy simulacra
  21 swamp worms
  3 wargs
  2 acid dragons
  11 water moccasins
  6 hell hounds (Depths:1)
  A faun skeleton (Crypt:2)
  30 orc warriors
  A floating eye (Depths:4)
  10 swamp drakes
  A deep troll skeleton (Crypt:1)
  A lindwurm zombie (Crypt:2)
  3 black bears
  4 ice beasts
  A black mamba simulacrum (Crypt:1)
  23 ogres
  2 alligator simulacra (IceCv)
  18 wolves
  6 boggarts
  12 centaurs
  A lindwurm skeleton (Crypt:1)
  A phantom (D:5)
  A hog skeleton (Crypt:1)
  3 kobold brigands
  3 earth elementals
  9 bullfrogs
  6 scorpions
  8 wights
  A lindwurm simulacrum (IceCv)
  A yak skeleton (Crypt:1)
  4 killer bees (D:9)
  A polar bear skeleton (Crypt:3)
  4 electric eels
  8 howler monkeys
  2 centaur zombies
  19 orc priests
  3 quasits (Abyss:2)
  6 hounds
  6 lava snakes (Volcano)
  2 jellies
  A black bear zombie (Crypt:2)
  2 gnoll boudas
  Crazy Yiuf (D:2)
  A bullfrog skeleton (Crypt:1)
  An iron imp (Abyss:2)
  22 starcursed masses (Abyss:2)
  6 iguanas
  27 orc wizards
  A sleepcap (D:6)
  2 acid dragon zombies (Crypt:3)
  A centaur simulacrum (D:9)
  A howler monkey zombie (Crypt:2)
  13 gnolls
  9 adders
  A shadow imp (D:7)
  2 white imps
  An ufetubus (D:6)
  3 worms
  A dart slug (D:1)
  95 orcs
  14 endoplasms
  4 giant cockroaches
  5 goblins
  3 hobgoblins
  5 jackals
  5 quokkas
  6 ball pythons
  11 bats
  5 frilled lizards
  20 kobolds
  3 rats
  3 lurking horrors (Abyss:2)
  3 spectral weapons
  8 starspawn tentacles
2567 creatures vanquished.

Vanquished Creatures (collateral kills)
  Vv (Crypt:1)
  A Hell Sentinel (Vaults:2)
  2 hydras (Lair:5)
  Fannar (D:10)
  A centaur warrior (D:9)
  An alligator (Lair:3)
  2 death yaks (Lair:5)
  A bog body (Lair:3)
  An elephant (Lair:5)
  An elephant (shapeshifter) (D:9)
  A blink frog (Lair:1)
  A vampire (D:8)
  A water moccasin (Lair:5)
  A gnoll sergeant (D:10)
  A gnoll (D:10)
  A kobold (D:9)
18 creatures vanquished.

Vanquished Creatures (others)
  A vault warden (Vaults:3)
  A draconian shifter (Zot:4)
  A draconian stormcaller (Zot:2)
  A purple draconian (Zot:1)
  A crystal guardian (Elf:3)
  A skeletal warrior (Crypt:3)
  A tyrant leech (Spider:4)
  A boggart (Vaults:2)
  29 foxfires
  12 starspawn tentacles
49 creatures vanquished.

Grand Total: 2634 creatures vanquished

Notes
Turn   | Place    | Note
-------+----------+-------------------------------------------
     0 | D:1      | ratatoskos the Ghoul Ice Elementalist began the quest for
                  | the Orb.
     0 | D:1      | Reached XP level 1. HP: 14/14 MP: 2/2
   212 | D:1      | Reached XP level 2. HP: 19/20 MP: 2/4
   523 | D:1      | Reached XP level 3. HP: 23/26 MP: 3/5
   529 | D:1      | Learned a level 3 spell: Frozen Ramparts
   572 | D:1      | Reached skill level 5 in Ice Magic
  1085 | D:2      | Reached skill level 1 in Fighting
  1369 | D:2      | Reached XP level 4. HP: 35/35 MP: 6/6
  1462 | D:2      | Found a runed translucent door.
  1463 | D:2      | Noticed Crazy Yiuf
  1476 | D:2      | Killed Crazy Yiuf
  1741 | D:3      | Reached XP level 5. HP: 41/41 MP: 3/7
  2192 | D:4      | Identified the amulet "Neanuwn" {Acrobat rN+ Regen+}
  2224 | D:4      | Reached skill level 6 in Ice Magic
  2485 | D:4      | Reached XP level 6. HP: 38/50 MP: 0/8
  2738 | D:4      | Reached skill level 7 in Ice Magic
  2744 | D:4      | Learned a level 3 spell: Ozocubu's Armour
  2960 | D:4      | Reached XP level 7. HP: 57/57 MP: 9/9
  3170 | D:5      | Entered Level 5 of the Dungeon
  3398 | D:5      | Noticed Prince Ribbit
  3408 | D:5      | Killed Prince Ribbit
  3409 | D:5      | Reached skill level 8 in Ice Magic
  3409 | D:5      | Reached XP level 8. HP: 47/66 MP: 3/11
  3549 | D:5      | Noticed Sigmund
  3579 | D:5      | Killed Sigmund
  3851 | D:5      | Learned a level 2 spell: Ensorcelled Hibernation
  3864 | D:5      | Learned a level 4 spell: Summon Ice Beast
  4093 | D:5      | Found Uryclec's Antique Armour Emporium.
  4471 | D:5      | Reached skill level 5 in Fighting
  4562 | D:6      | Reached skill level 9 in Ice Magic
  4767 | D:6      | Reached skill level 5 in Dodging
  4767 | D:6      | Reached skill level 1 in Summonings
  4767 | D:6      | Reached XP level 9. HP: 74/74 MP: 10/13
  4832 | D:6      | Found a large runed translucent door.
  4832 | D:6      | Found a large runed translucent door.
  4855 | D:6      | Found a large runed translucent door.
  4855 | D:6      | Found a large runed translucent door.
  5488 | D:6      | Identified the +3 chain mail "Ovucueh" {Stlth+}
  5561 | D:6      | Found a staircase to the Ecumenical Temple.
  5568 | Temple   | Entered the Ecumenical Temple
  5615 | Temple   | Became a worshipper of Vehumet
  5851 | D:6      | Identified the +1 leather armour of the Sea {Stlth+}
  5853 | D:6      | Reached skill level 10 in Ice Magic
  6114 | D:7      | Reached skill level 1 in Staves
  6414 | D:7      | Reached XP level 10. HP: 83/83 MP: 11/15
  7349 | D:8      | Reached skill level 11 in Ice Magic
  7353 | D:8      | Reached * piety under Vehumet
  7353 | D:8      | Offered knowledge of Kiss of Death by Vehumet.
  7761 | D:9      | Found a sparkling altar of Nemelex Xobeh.
  7762 | D:9      | Found a shadowy altar of Dithmenos.
  7789 | D:9      | Noticed a boulder beetle
  7810 | D:9      | Killed a boulder beetle
  7811 | D:9      | Reached skill level 5 in Spellcasting
  7978 | D:9      | Noticed a two-headed ogre
  7987 | D:9      | Noticed a death knight
  7990 | D:9      | Killed a two-headed ogre
  7991 | D:9      | Reached skill level 12 in Ice Magic
  7991 | D:9      | Reached XP level 11. HP: 44/89 MP: 12/18
  8076 | D:8      | Learned a level 7 spell: Ozocubu's Refrigeration
  8081 | D:8      | Learned a level 1 spell: Kiss of Death
  8293 | D:9      | Noticed a catoblepas
  8349 | D:9      | Killed a catoblepas
  8463 | D:9      | Noticed a glowing orange brain
  8481 | D:9      | Noticed a swamp dragon
  8483 | D:9      | Noticed a manticore
  8488 | D:9      | Noticed a shock serpent
  8490 | D:9      | Noticed a death knight
  8606 | D:9      | Noticed a swamp dragon
  8608 | D:9      | a swamp dragon changed into a culicivora
  8751 | D:9      | HP: 4/89 [death knight/+0 glaive (3)]
  8752 | D:9      | Killed a death knight
  8753 | D:9      | Reached skill level 1 in Necromancy
  8828 | D:9      | Noticed a boulder beetle
  8861 | D:9      | Killed a boulder beetle
  9000 | D:9      | Identified the +4 glaive of Experimentation {freeze, Contam
                  | Str-2 Dex+9 SInv}
  9006 | D:9      | Reached skill level 1 in Conjurations
  9041 | D:9      | Noticed an orb spider
  9123 | D:9      | Offered knowledge of Sandblast by Vehumet.
  9132 | D:9      | Reached ** piety under Vehumet
  9213 | D:9      | Noticed a skeletal warrior
  9234 | D:9      | Noticed a cyclops
  9257 | D:9      | Reached skill level 13 in Ice Magic
  9270 | D:10     | Entered Level 10 of the Dungeon
  9445 | D:9      | Killed a skeletal warrior
  9659 | D:9      | Noticed a centaur warrior
  9691 | D:9      | Killed a centaur warrior
  9692 | D:9      | Reached skill level 5 in Staves
  9699 | D:9      | Killed a manticore
  9855 | D:9      | Killed a death knight
  9856 | D:9      | Reached XP level 12. HP: 75/96 MP: 4/20
 10007 | D:9      | Noticed a broodmother
 10010 | D:9      | a broodmother changed into an alligator
 10010 | D:9      | Noticed an alligator (shapeshifter)
 10076 | D:9      | Killed an alligator
 11030 | D:10     | Offered knowledge of Momentum Strike by Vehumet.
 11067 | D:10     | Reached *** piety under Vehumet
 11099 | D:10     | Found a staircase to the Orcish Mines.
 11099 | D:10     | Noticed a two-headed ogre
 11109 | D:10     | Killed a two-headed ogre
 11110 | D:10     | Reached skill level 14 in Ice Magic
 11458 | D:10     | Found a staircase to the Lair.
 11470 | D:10     | Found Refo's General Store.
 11478 | D:10     | Offered knowledge of Airstrike by Vehumet.
 11499 | D:10     | Bought a potion of heal wounds for 70 gold pieces
 11499 | D:10     | Bought a scroll of identify for 28 gold pieces
 11499 | D:10     | Bought a scroll of immolation for 56 gold pieces
 11716 | D:10     | Found an ornate altar of the Wu Jian Council.
 11933 | Lair:1   | Entered Level 1 of the Lair of Beasts
 11933 | Lair:1   | Noticed Fannar
 11973 | D:10     | Killed Fannar
 12198 | Lair:1   | Reached skill level 5 in Necromancy
 12339 | Lair:1   | Noticed a boulder beetle
 12356 | Lair:1   | Noticed Joseph
 12452 | Lair:1   | Killed Joseph
 12548 | Lair:1   | Reached **** piety under Vehumet
 12754 | Lair:1   | Offered knowledge of Freezing Cloud by Vehumet.
 13302 | Lair:1   | Killed a boulder beetle
 13303 | Lair:1   | Reached skill level 15 in Ice Magic
 13357 | Lair:1   | Found the +3 pair of seven-league boots {Rampage+∞}
 13459 | Lair:2   | Reached XP level 13. HP: 97/102 MP: 21/21
 13679 | Lair:2   | Found a dark tunnel.
 13719 | Volcano  | Entered a volcano
 14130 | Volcano  | Found a burning altar of Makhleb.
 14142 | Volcano  | Reached skill level 16 in Ice Magic
 14266 | Volcano  | Noticed a stone giant
 14278 | Volcano  | Killed a stone giant
 14691 | Lair:2   | Found the +8 trident of the Octopus King {venom, rElec
                  | rPois}
 14752 | Lair:2   | Reached skill level 1 in Armour
 15008 | Lair:2   | Reached ***** piety under Vehumet
 15008 | Lair:2   | Offered knowledge of Eringya's Noxious Bog by Vehumet.
 15602 | Lair:3   | Noticed Josephine
 15602 | Lair:3   | Found a sparkling altar of Nemelex Xobeh.
 15606 | Lair:3   | Killed Josephine
 15608 | Lair:3   | Reached skill level 17 in Ice Magic
 15743 | Lair:3   | Noticed Snorg
 16395 | Lair:3   | Killed Snorg
 16396 | Lair:3   | Reached XP level 14. HP: 84/110 MP: 22/22
 16998 | Lair:3   | Found a hole to the Spider Nest.
 17010 | Lair:3   | Reached skill level 18 in Ice Magic
 17247 | Lair:3   | Reached skill level 5 in Armour
 17306 | Lair:3   | Found a staircase to the Swamp.
 18523 | Lair:4   | Reached skill level 1 in Evocations
 19114 | Lair:5   | Entered Level 5 of the Lair of Beasts
 19415 | Lair:5   | Offered knowledge of Irradiate by Vehumet.
 20377 | Lair:5   | Found a viscous altar of Jiyva.
 20378 | Lair:5   | Found a staircase to the Slime Pits.
 20586 | Lair:5   | Reached skill level 19 in Ice Magic
 20915 | Lair:5   | Reached XP level 15. HP: 118/121 MP: 23/23
 21122 | Lair:5   | Identified the +2 great sword of Afohol {protect, *Corrode
                  | Will+ Str+2 SInv}
 21697 | D:11     | Reached skill level 10 in Dodging
 23835 | D:13     | Reached skill level 20 in Ice Magic
 23950 | D:13     | Got the Volume of Hedonism
 23961 | D:13     | Learned a level 9 spell: Polar Vortex
 23975 | D:13     | Identified the +0 ring mail "Sooseu Jote" {rPois}
 24863 | D:14     | Found a shimmering blue altar of Sif Muna.
 25428 | D:14     | Identified a scroll of acquirement
 25464 | D:14     | Acquired the ring of Kaceet {rCorr Int+6}
 25592 | D:14     | Reached skill level 21 in Ice Magic
 25667 | D:14     | Found a gate to the Vaults.
 26893 | D:15     | Entered Level 15 of the Dungeon
 26899 | D:15     | Reached XP level 16. HP: 123/128 MP: 25/25
 26910 | D:15     | Offered knowledge of Starburst by Vehumet.
 27518 | D:15     | Reached skill level 22 in Ice Magic
 27724 | D:15     | Found a staircase to the Depths.
 28096 | Orc:1    | Entered Level 1 of the Orcish Mines
 28823 | Orc:2    | Entered Level 2 of the Orcish Mines
 28865 | Orc:2    | Paralysed by something for 2 turns
 28871 | Orc:2    | Found Tiroesh's Distillery.
 28901 | Orc:2    | Reached skill level 23 in Ice Magic
 28986 | Orc:2    | Offered knowledge of Spellforged Servitor by Vehumet.
 29004 | Orc:2    | Reached ****** piety under Vehumet
 29083 | Orc:2    | Found Viruzas's Assorted Antiques.
 29088 | Orc:2    | Bought a potion of heal wounds for 90 gold pieces
 29090 | Orc:2    | Found Qemerun's Jewellery Shoppe.
 29092 | Orc:2    | Found Plog's Distillery.
 29580 | Orc:2    | Found a staircase to the Elven Halls.
 29718 | Orc:1    | You fall into a shaft and drop 1 floor!
 29756 | Orc:1    | Noticed Jorgrun
 29762 | Orc:1    | Killed Jorgrun
 30072 | Orc:2    | Bought a potion of lignification for 54 gold pieces
 30072 | Orc:2    | Bought a potion of berserk rage for 90 gold pieces
 30314 | Spider:1 | Entered Level 1 of the Spider Nest
 31843 | Spider:1 | Reached skill level 24 in Ice Magic
 32528 | Spider:2 | Reached XP level 17. HP: 123/134 MP: 1/26
 34135 | Spider:3 | Reached skill level 25 in Ice Magic
 34297 | Spider:3 | Offered knowledge of Plasma Beam by Vehumet.
 35592 | Swamp:1  | Entered Level 1 of the Swamp
 35592 | Swamp:1  | You fall into a shaft and drop 1 floor!
 36900 | Swamp:1  | Noticed Mlioglotl
 36908 | Swamp:1  | Killed Mlioglotl
 37110 | Swamp:1  | Reached skill level 26 in Ice Magic
 37865 | Swamp:3  | Got the Secrets of Snow and Production
 38821 | Swamp:4  | Entered Level 4 of the Swamp
 39085 | Swamp:4  | Offered knowledge of Yara's Violent Unravelling by Vehumet.
 39099 | Swamp:4  | Reached XP level 18. HP: 73/141 MP: 27/27
 40117 | Orc:2    | Bought the ring of Gosualargh {AC+4 Int+6} for 945 gold
                  | pieces
 40769 | Swamp:4  | Reached skill level 27 in Ice Magic
 40974 | Swamp:4  | Noticed the 27-headed Lernaean hydra
 40979 | Swamp:4  | Reached skill level 5 in Evocations
 40982 | Swamp:4  | Killed the 25-headed Lernaean hydra
 41542 | Swamp:4  | Got a decaying rune of Zot
 41807 | Spider:4 | Entered Level 4 of the Spider Nest
 43109 | Spider:4 | Offered knowledge of Iron Shot by Vehumet.
 44076 | Spider:4 | Got a gossamer rune of Zot
 44469 | Vaults:1 | Entered Level 1 of the Vaults
 44726 | Vaults:1 | Reached XP level 19. HP: 136/147 MP: 23/31
 44730 | Vaults:1 | Reached skill level 10 in Spellcasting
 44905 | Vaults:1 | Learned a level 6 spell: Iron Shot
 45023 | Abyss:2  | Found a corrupted altar of Lugonu.
 45023 | Abyss:2  | Cast into level 2 of the Abyss (a wizard)
 45061 | Abyss:2  | Found a corrupted altar of Lugonu.
 45173 | Abyss:2  | Noticed a bone dragon
 45215 | Abyss:2  | Killed a bone dragon
 45350 | Abyss:2  | Found a corrupted altar of Lugonu.
 45441 | Abyss:2  | Paralysed by accursed screaming for 2 turns
 45446 | Abyss:2  | Found a corrupted altar of Lugonu.
 45482 | Vaults:1 | Escaped the Abyss
 45486 | Vaults:1 | Offered knowledge of Lehudib's Crystal Spear by Vehumet.
 45486 | Vaults:1 | Offered knowledge of Shatter by Vehumet.
 45486 | Vaults:1 | Offered knowledge of Ignition by Vehumet.
 46494 | Vaults:1 | Identified the staff of earth "Ymnusiem" {Int+2}
 48622 | Vaults:2 | Noticed a Hell Sentinel
 48630 | Vaults:2 | Found a transporter.
 48639 | Vaults:2 | Found a transporter.
 48659 | Vaults:2 | Found a one-way gate to the infinite horrors of the Abyss.
 48659 | Vaults:2 | Noticed Prykner's ghost (adept FoFi)
 48669 | Vaults:2 | Noticed a tentacled monstrosity
 49238 | Vaults:2 | Noticed a bone dragon
 49247 | Vaults:2 | Reached XP level 20. HP: 94/157 MP: 22/36
 49258 | Vaults:2 | Killed a bone dragon
 49418 | Vaults:2 | Found a staircase to the Crypt.
 49774 | Vaults:2 | Identified the +2 hat of the Amoeba {rF+ Int+3 Dex+4
                  | Stlth-}
 49789 | Vaults:2 | Identified the +0 robe of Ruopih {rPois rF+ Regen+}
 49801 | Vaults:2 | Found a radiant altar of Vehumet.
 49820 | Vaults:2 | Identified the +2 hat of Nilurr Zuyn {Harm Will- rCorr}
 50400 | Vaults:2 | Reached XP level 21. HP: 165/165 MP: 38/38
 50520 | Vaults:3 | Noticed Asterion
 50523 | Vaults:3 | Killed Asterion
 50577 | Vaults:3 | Noticed an ancient lich
 50591 | Vaults:3 | Killed an ancient lich
 50864 | Vaults:3 | Found Buafuf's Assorted Antiques.
 50879 | Vaults:3 | Got the Anthology of Displaced Fire
 50889 | Vaults:3 | Bought a scroll of blinking for 210 gold pieces
 51141 | Vaults:3 | Reached skill level 15 in Spellcasting
 52050 | Vaults:3 | Noticed Aizul
 52057 | Vaults:3 | Killed Aizul
 52151 | Vaults:3 | You are sucked into a shaft and drop 1 floor!
 52286 | Vaults:4 | Reached XP level 22. HP: 47/172 MP: 31/40
 52355 | Vaults:4 | Reached skill level 10 in Armour
 53544 | Vaults:4 | Noticed Margery
 53551 | Vaults:4 | Killed Margery
 53675 | Vaults:4 | Noticed Zenata
 53684 | Vaults:4 | Killed Zenata
 54257 | Vaults:4 | Found Bubaajax's General Store.
 54574 | Vaults:4 | Found Liucw's Jewellery Boutique.
 55576 | Depths:1 | Entered Level 1 of the Depths
 55586 | Depths:1 | Found a stormy altar of Qazlal.
 56025 | Depths:1 | Found an ancient bone altar of Kikubaaqudgha.
 56294 | Depths:1 | Found a gateway to Hell.
 56404 | Depths:2 | Found a radiant altar of Vehumet.
 56414 | Depths:2 | Reached XP level 23. HP: 179/179 MP: 43/43
 56453 | Depths:2 | Got the Elucidation of Shadows and the Hornet
 56626 | Depths:2 | Noticed Sojobo
 56639 | Depths:2 | Killed Sojobo
 56876 | Depths:2 | Found a one-way gate leading to the halls of Pandemonium.
 57639 | Depths:3 | Identified the +11 short sword "Lorem Ipsum" {freeze, rPois
                  | Int+3}
 57655 | Depths:3 | Found a portal to a secret trove of treasure.
 58308 | Depths:3 | You paid a toll of +4 ice dragon scales to enter a treasure
                  | trove
 58309 | Trove    | Entered a treasure trove
 58544 | Trove    | Identified the +4 chain mail "Boanusi" {rN+}
 58545 | Trove    | Identified the +2 ring mail "Liacuzia" {rElec rC- rN+++
                  | SInv}
 58546 | Trove    | Identified the staff of fire "Ypiv" {rElec rF+ Dex+2
                  | Stlth+}
 58547 | Trove    | Identified the ring of Xom's Bemusement {Ice rPois rN+}
 58842 | Depths:3 | Reached skill level 10 in Staves
 58926 | Depths:3 | Noticed a juggernaut
 58936 | Depths:3 | Killed a juggernaut
 58940 | Depths:3 | Noticed Frederick
 58953 | Depths:3 | Killed Frederick
 59286 | Depths:3 | Found a runed translucent gate.
 59286 | Depths:3 | Noticed Poli's ghost (adept MiFi)
 59287 | Depths:3 | Found a runed translucent gate.
 59287 | Depths:3 | Noticed Sialonla's ghost (adept MfVM)
 59288 | Depths:3 | Found a runed translucent gate.
 59299 | Depths:3 | You are sucked into a shaft and drop 1 floor!
 59299 | Depths:4 | Entered Level 4 of the Depths
 59402 | Depths:4 | Found a one-way gateway to a ziggurat.
 59403 | Depths:4 | Noticed a caustic shrike
 59419 | Depths:4 | Killed a caustic shrike
 59576 | Depths:4 | Noticed a caustic shrike
 59576 | Depths:4 | Noticed a caustic shrike
 59590 | Depths:4 | Killed a caustic shrike
 59591 | Depths:4 | Killed a caustic shrike
 60024 | Depths:3 | Noticed a golden dragon
 60033 | Depths:3 | Killed a golden dragon
 60168 | Depths:3 | Noticed a juggernaut
 60175 | Depths:3 | Killed a juggernaut
 60214 | Depths:3 | Identified the amulet "Ustuorghu" {Faith Int+4}
 60233 | Depths:3 | Identified the +0 great sword "Nuepnaej" {chaos, Drain
                  | Will+ Int+8}
 60677 | Depths:3 | Noticed a golden dragon
 60691 | Depths:3 | Killed a golden dragon
 61267 | Depths:3 | Killed Sialonla's ghost
 61268 | Depths:3 | Reached XP level 24. HP: 57/185 MP: 28/43
 61268 | Depths:3 | Killed Poli's ghost
 61582 | Depths:4 | Found a gate to the Realm of Zot.
 61802 | Depths:4 | Identified the ring of Lyoceuwn {rElec rC+ Str+6}
 62811 | Elf:1    | Entered Level 1 of the Elven Halls
 62920 | Elf:1    | Found a frozen archway.
 63016 | IceCv    | Entered an ice cave
 63022 | IceCv    | Found a transporter.
 63076 | IceCv    | Found a transporter.
 63291 | Elf:1    | Identified the +1 cloak of Vexation {Dex+5}
 63297 | Elf:1    | Reached skill level 15 in Armour
 63485 | Elf:1    | You are sucked into a shaft and drop 1 floor!
 64005 | Elf:2    | Found a runed translucent gate.
 64008 | Elf:2    | Found a runed translucent gate.
 64009 | Elf:2    | Found a runed translucent gate.
 64030 | Elf:2    | Found Minuw's Assorted Antiques.
 64761 | Elf:2    | Bought a potion of heal wounds for 130 gold pieces
 64761 | Elf:2    | Bought a scroll of blinking for 195 gold pieces
 65165 | Elf:2    | Found Beeran's Book Boutique.
 65168 | Elf:2    | Bought a book of Unlife for 504 gold pieces
 65177 | Elf:2    | Learned a level 5 spell: Borgnjor's Vile Clutch
 65269 | Elf:2    | Got Vehumet's Codex of Bombardment
 65311 | Elf:3    | Entered Level 3 of the Elven Halls
 65313 | Elf:3    | Identified the +10 quarterstaff of Boiwor {pain, Int+4}
 65462 | Elf:3    | Reached skill level 1 in Earth Magic
 65570 | Elf:3    | Learned a level 5 spell: Borgnjor's Vile Clutch
 66078 | Elf:3    | Found Geumot's Assorted Antiques.
 66078 | Elf:3    | Found Uxashill's Book Boutique.
 66205 | Elf:3    | Bought a book of Frost for 260 gold pieces
 66210 | Elf:3    | Learned a level 3 spell: Hailstorm
 66448 | Abyss:2  | Found a corrupted altar of Lugonu.
 66448 | Abyss:2  | Found a corrupted altar of Lugonu.
 66448 | Abyss:2  | Cast into level 2 of the Abyss (a deep elf demonologist)
 66472 | Abyss:2  | Found a corrupted altar of Lugonu.
 66602 | Abyss:2  | Found a corrupted altar of Lugonu.
 66766 | Abyss:2  | Reached XP level 25. HP: 192/192 MP: 34/44
 66850 | Abyss:2  | Paralysed by an apocalypse crab for 2 turns
 66997 | Abyss:2  | Found a corrupted altar of Lugonu.
 67005 | Abyss:2  | Found a corrupted altar of Lugonu.
 67005 | Abyss:2  | Found a corrupted altar of Lugonu.
 67008 | Abyss:2  | Reached skill level 5 in Earth Magic
 67091 | Abyss:2  | Found a corrupted altar of Lugonu.
 67256 | Elf:3    | Escaped the Abyss
 67429 | Elf:3    | Identified the +9 battleaxe of Etyos {freeze, *Noise Str+3
                  | Dex+2}
 67566 | Elf:3    | Identified the staff of conjuration "Vitres" {SInv Stlth+}
 67603 | Elf:3    | Found the +9 staff of Olgreb {rPois∞}
 67611 | Elf:3    | Identified the +7 arbalest of the Witching Dove {antimagic,
                  | rPois rF- Will++}
 67669 | Elf:3    | Got the Incunabulum of Excavation
 67820 | Elf:3    | Acquired 411 gold pieces
 68348 | Crypt:1  | Entered Level 1 of the Crypt
 68505 | Crypt:1  | Paralysed by a vampire knight for 3 turns
 69030 | Crypt:1  | Got Pugg's Vademecum on Soot and Vicissitude
 69135 | Crypt:1  | Noticed Boris
 69151 | Crypt:1  | Killed Boris
 69410 | Crypt:1  | Noticed Vv
 69597 | Crypt:1  | Killed Vv
 69598 | Crypt:1  | Reached skill level 10 in Earth Magic
 70311 | Crypt:2  | Noticed Boris
 70326 | Crypt:2  | Killed Boris
 71521 | Crypt:3  | Entered Level 3 of the Crypt
 71532 | Crypt:3  | Reached skill level 10 in Fighting
 71552 | Crypt:3  | Reached XP level 26. HP: 191/202 MP: 38/45
 71559 | Crypt:3  | Noticed a dread lich
 71560 | Crypt:3  | Paralysed by a dread lich for 3 turns
 71567 | Crypt:3  | Paralysed by a dread lich for 3 turns
 71573 | Crypt:3  | Paralysed by a dread lich for 5 turns
 71574 | Crypt:3  | Killed a dread lich
 72016 | Crypt:3  | Found a staircase to the Tomb.
 72262 | Crypt:2  | Found a basalt altar of Yredelemnul.
 72452 | Crypt:3  | Found a shimmering altar of Xom.
 73980 | Abyss:2  | Cast into level 2 of the Abyss (an apocalypse crab)
 74479 | Vaults:2 | Escaped the Abyss
 74690 | Vaults:2 | Killed Prykner's ghost
 75137 | Vaults:5 | Entered Level 5 of the Vaults
 75143 | Vaults:5 | Reached skill level 10 in Evocations
 75310 | Vaults:5 | Identified the +4 quarterstaff of Huysh {heavy, Int+2
                  | Stlth+}
 75317 | Vaults:5 | Noticed a dread lich
 75330 | Vaults:5 | Killed a dread lich
 75331 | Vaults:5 | Noticed a dread lich
 75408 | Vaults:5 | Killed a dread lich
 75409 | Vaults:5 | Reached XP level 27. HP: 130/218 MP: 41/45
 75811 | Vaults:5 | Reached skill level 15 in Earth Magic
 76467 | Vaults:5 | Identified the +11 chain mail "Xotses" {+Inv rElec Will-}
 77093 | Vaults:5 | Got the Incunabulum of the Vector
 77099 | Vaults:5 | Got a silver rune of Zot
 77624 | Vaults:5 | Identified the staff of death "Xaqudghakke" {rPois rN+
                  | Will- Str+6}
 77636 | Vaults:5 | Got Fetat's Papyrus of Doom
 77717 | Vaults:5 | Identified the +3 robe "Haesiwk" {rF+ Dex+8}
 78071 | Zot:1    | Entered Level 1 of the Realm of Zot
 78318 | Zot:1    | Identified the +1 cloak of Guugh {rPois Str+5 Dex-5}
 78319 | Zot:1    | Found a bloodstained altar of Trog.
 78319 | Zot:1    | Noticed Uneer's ghost (legendary GnFE)
 78322 | Zot:1    | Identified the +1 cloak of Valour {Regen+}
 78327 | Zot:1    | Found a transporter.
 78332 | Zot:1    | Found a transporter.
 78333 | Zot:1    | Identified the +1 cloak "Wirasuz" {Dex+3}
 78695 | Zot:1    | Found a transporter.
 78715 | Zot:1    | Found a transporter.
 78724 | Zot:1    | Found a transporter.
 78908 | Zot:1    | Found a transporter.
 79064 | Zot:1    | Killed Uneer's ghost
 79155 | Zot:1    | Identified the +7 shortbow of Sloth {drain, Fragile MP+9
                  | Int+5}
 79212 | Zot:1    | Learned a level 5 spell: Lee's Rapid Deconstruction
 79216 | Zot:1    | Learned a level 2 spell: Blink
 79226 | Zot:1    | Learned a level 6 spell: Iron Shot
 79265 | Zot:1    | Reached skill level 1 in Translocations
 79791 | Zot:2    | Identified the +3 rapier of Nutoi {freeze, Str+3 Int+3
                  | Dex+3}
 80077 | Zot:2    | Reached skill level 15 in Fighting
 82214 | Zot:3    | Learned a level 9 spell: Shatter
 82287 | Zot:4    | Identified the ring of the Raven {rElec rCorr MP-9 Str+6
                  | Slay+6}
 83506 | Zot:5    | Entered Level 5 of the Realm of Zot
 83911 | Zot:5    | Found a runed translucent door.
 83912 | Zot:5    | Found a shimmering altar of Xom.
 83912 | Zot:5    | Noticed Rihmasto's ghost (legendary MiBe)
 84063 | Zot:5    | Killed Rihmasto's ghost
 84223 | Zot:5    | Identified the ring of Onojip {Ice rPois Str+4}
 84744 | Zot:5    | Noticed an orb of fire
 84763 | Zot:5    | Killed an orb of fire
 84944 | Zot:5    | Noticed a dread lich
 84946 | Zot:5    | Noticed a dread lich
 85174 | Zot:5    | Paralysed by a dread lich for 5 turns
 85178 | Zot:5    | Killed a dread lich
 85181 | Zot:5    | Killed a dread lich
 85659 | Zot:5    | Noticed an ancient lich
 85667 | Zot:5    | Killed an ancient lich
 86091 | Zot:5    | Noticed an orb of fire
 86099 | Zot:5    | Killed an orb of fire
 86358 | Zot:5    | Noticed an orb of fire
 86366 | Zot:5    | Killed an orb of fire
 86954 | Zot:5    | Got the Orb of Zot
 87404 | Depths:1 | Noticed Boris
 87574 | D:12     | Noticed Owalufia the pandemonium lord
 87649 | D:9      | Noticed Avuunneeso the pandemonium lord
 87653 | D:9      | Noticed an ancient lich
 87662 | D:8      | Killed an ancient lich
 87679 | D:8      | Noticed Togoep the pandemonium lord
 87991 | D:$      | Escaped with the Orb!

Illustrated notes

Levels and vault maps discovered:
D:1:      minmay_arrival_widening_spiral_wide, layout_loops_ring,
          kennysheep_crisscross, minmay_pentomino_v2
D:2:      layout_basic, uniq_crazy_yiuf_cottage
D:3:      layout_rooms, minivault_24, corexii_corridor_pit, hex_large
D:4:      layout_basic
D:5:      kennysheep_six_static_rooms, layout_loops_corners, serial_shops,
          kennysheep_mini_moat, uniq_sigmund, uniq_prince_ribbit1
D:6:      layout_basic, minmay_temple_entry_nine_rooms,
          minmay_hollow_rounded_squares
D:7:      layout_basic
D:8:      layout_rooms
D:9:      layout_basic, mainiacjoe_overflow_divided_tiny, nicolae_rejected_hall
D:10:     layout_roguey, nicolae_wu_jian_glorious_leap, lair_entry_dummy,
          david_orc_5, serial_shops, shop
D:11:     layout_roguey, elyvilon_altar_5
D:12:     layout_big_octagon
D:13:     layout_roguey
D:14:     layout_layer_cave, grunt_vaults_entry_tiered,
          nicolae_sif_muna_condensation, serial_bayou_crossing
D:15:     hangedman_depths_entry_try_elsewhere_first, layout_rooms,
          old_standard_altar, nicolae_titane
Temple:   hellmonk_temple_of_storms
Lair:1:   layout_concentric_octagons, st_stairs_9, minmay_holes,
          grunt_forest_stairs_basic, hellmonk_guarded_unrand_seven_league_boots,
          uniq_fannar, uniq_joseph
Lair:2:   layout_cave_pods, nicolae_volcano_entry_hallway, grunt_megastairs_5
Lair:3:   onia_ninara_swampy_vault, layout_hall_layers,
          nicolae_swamp_entry_splash_gauntlet, nicolae_spider_entry_non_spiders,
          basic_altar, minmay_hedge_maze, patterned_corridor, uniq_snorg,
          uniq_josephine
Lair:4:   layout_gridlike, forest_entry_grove
Lair:5:   evilmike_catoblepas_cave, layout_regular_city,
          dpeg_slime_entry_enclosed
Swamp:1:  layout_falls_marsh, evilmike_swamp_ruin_wall, swamp_pool1,
          uniq_mlioglotl
Swamp:2:  layout_basic_swamp, serial_swamp_ruin, evilmike_swamp_ruin_house_2,
          evilmike_swamp_ruin_house_1, evilmike_swamp_ruin_house_3,
          infiniplex_staircase_pool_2
Swamp:3:  layout_basic_swamp, nicolae_swamp_small_spring
Swamp:4:  swamp_old_school, layout_basic_swamp, nicolae_swamp_drake_lake
Spider:1: layout_cave_pods, nicolae_spider_rock_and_or_roll
Spider:2: layout_spider_delve
Spider:3: layout_cave_pods
Spider:4: hellmonk_spider_rune_bug_friends, nicolae_spider_swamp_cousins
Orc:1:    layout_caves, basic_altar, uniq_jorgrun
Orc:2:    st_orc_open, layout_caves, nicolae_orc_stony_grotto
Elf:1:    minmay_elf_arrival_plus, layout_gridlike,
          portal_ice_cave_entry_pillars_1, hangedman_elf_disciples
Elf:2:    elven_hall_of_blades_hangedman_original
          [nicolae_blade_entry_antechamber], layout_geoelf_grid, serial_shops,
          shop, nicolae_shop_behind_doors, minmay_elf_sorcery
Elf:3:    minmay_elf_hall_golems, layout_loops_cross, minmay_shoptagon
Vaults:1: v_misc_11, vaults_room_corners, nicolae_vaults_heist,
          nicolae_vaults_storage_room_water, nicolae_vaults_twisting_passages,
          nicolae_vaults_rhombus_5, nicolae_vaults_shipping_containers_2,
          vaults_dpeg_cross, v_misc_9, dpeg_vaults_monster_row,
          ontoclasm_vaults_decontamination, layout_vaults_omnicross
Vaults:2: gammafunk_ghost_abyssal_escape, minmay_crypt_entry_nasty_monster,
          grunt_tower_of_power, nicolae_vaults_shrinking_rooms_1,
          vaults_room_pools, v_misc_32, vaults_standard_mumra_enter_the_diamond,
          v_misc_9, nicolae_vaults_surprise_closet, vaults_room_hallway,
          v_pattern_3, layout_vaults_omnigrid
Vaults:3: vaults_room_grid, st_cells, nicolae_vaults_oval_intersection,
          ontoclasm_vaults_gateway, nicolae_vaults_specimen_jars,
          nicolae_vaults_arrows, hangedman_vaults_stream, vaults_mumra_hex,
          nicolae_vaults_sesquioval_fish, v_rooms_3, nicolae_vaults_rhombus_6,
          v_misc_14, layout_vaults_maze_bifur, serial_shops,
          nicolae_shop_dealshenge, uniq_aizul, uniq_asterion
Vaults:4: nicolae_vaults_network_quinsquares
          [nicolae_vaults_network_quincunx_subvault,
          nicolae_vaults_network_quincunx_subvault,
          nicolae_vaults_network_quincunx_subvault,
          nicolae_vaults_network_quincunx_subvault],
          nicolae_vaults_hexular_roomagon, hangedman_vaults_stagger,
          nicolae_vaults_trapezoid_1, hangedman_vaults_snaps,
          nicolae_vaults_double_plus_1, nicolae_vaults_wrenched,
          nicolae_vaults_more_shelving_2, hangedman_vaults_stretched_pinwheel,
          nicolae_vaults_little_ls, layout_vaults_big_room, serial_shops, shop,
          nicolae_shop_tiny_real_fake_doors, uniq_margery, uniq_zenata
Vaults:5
Crypt:1:  layout_gridlike, serial_co_window_serial, co_window_cross_1,
          co_window_paths_b, co_window_paths_b, co_window_paths_a,
          co_window_paths_b, co_window_broadway_c, co_window_unsneaky_path_d,
          co_window_unsneaky_path_d, co_window_corner_b, co_window_corner_b,
          glass_columns_a, glass_columns_b, glass_columns_b, glass_columns_a,
          glass_columns_c, uniq_josephina, uniq_vv, uniq_boris
Crypt:2:  layout_gridlike, lemuel_upstairs_altar, lemuel_elevator
Crypt:3:  church_of_pain_bobbens, layout_chaotic_city
Depths:1: layout_roguey [special_room_mythical_zoo], hell_entry,
          kiku_gazebo_pond_becter, minmay_misc_feat_columns,
          nicolae_qazlal_general_emergency
Depths:2: minmay_glassy_protrusions, layout_cave_pools, hell_entry,
          fiery_altar_vehumet, grunt_pan_entry_zigzag, uniq_sojobo
Depths:3: giant_chief_lemuel, layout_gridlike, abyss_entry_crystal,
          nicolae_trove_entry_crystal, grunt_hell_entry_dis_grunt,
          gammafunk_ghost_cemetery, uniq_frederick
Depths:4: evilmike_zot_entry_argh, layout_gridlike, enter_ziggurat_c,
          hangedman_abyss_entry_splay, hell_entry, kennysheep_doodads,
          serial_bayou_pond_a
Zot:1:    layout_concentric_octagons, gammafunk_ghost_wrathful_warriors,
          nicolae_transporter_intersection
Zot:2:    cheibrodos_zot_enchanting_chambers, layout_onion, zot_minivault_4,
          grunt_megastairs_4
Zot:3:    layout_cellular_growth, drop_trap, grunt_ministairs_1
Zot:4:    nicolae_moth_party, layout_gridlike
Zot:5:    layout_misc_corridors, ebering_ghost_xom

Skill      XL: |  1  2  3  4  5  6  7  8  9 10 11 12 13 14 15 16 17 18 19 20 21 22 23 24 25 26 27 |
---------------+----------------------------------------------------------------------------------+-----
Spellcasting   | 2 3 4 5 6 7 9 13 14 15 17 18 19 | 19.3
Dodging        | 2 3 4 5 6 7 8 9 10 12 14 | 14.2
Ice Magic      | 5 6 7 8 9 10 12 13 15 17 19 21 24 26 27 | 27.0
Fighting       | 1 2 3 4 5 6 7 8 9 10 12 15 | 15.3
Summonings     | 1 3 4 |  4.0
Staves         | 1 3 5 6 7 9 11 12 | 12.0
Necromancy     | 3 5 6 7 9 |  9.0
Conjurations   | 2 |  2.0
Armour         | 4 5 7 9 11 13 16 | 16.0
Evocations     | 3 4 8 10 14 | 14.0
Earth Magic    | 4 12 14 24 | 24.6
Translocations | 4 |  4.0
Stealth        | |  2.1

Action                     |  1- 3 |  4- 6 |  7- 9 | 10-12 | 13-15 | 16-18 | 19-21 | 22-24 | 25-27 || total
---------------------------+-------+-------+-------+-------+-------+-------+-------+-------+-------++-------
  Melee: Unarmed           |    83 |       |       |       |       |       |       |       |       ||    83
         Whip              |    24 |   100 |   163 |       |       |       |       |       |       ||   287
         Punch             |       |       |     4 |       |       |       |       |    14 |    29 ||    47
         Quarterstaff      |       |       |    57 |   461 |    95 |       |       |       |       ||   613
         Lajatang          |       |       |       |       |   564 |   859 |   163 |       |       ||  1586
         Trident           |       |       |       |       |       |       |    31 |       |       ||    31
         Staff             |       |       |       |       |       |       |   118 |   616 |  1166 ||  1900
  Throw: Dart              |       |       |       |     2 |       |     3 |     1 |       |       ||     6
   Cast: Freeze            |    24 |    12 |       |     1 |     1 |       |       |       |       ||    38
         Frozen Ramparts   |       |     5 |    12 |    48 |    53 |    27 |     3 |     3 |     1 ||   152
         Ozocubu's Armour  |       |       |     8 |    42 |    53 |    41 |     9 |     8 |     2 ||   163
         Summon Ice Beast  |       |       |       |    30 |    27 |       |       |       |       ||    57
         Ozocubu's Refrige |       |       |       |     4 |    92 |   249 |   149 |   183 |   190 ||   867
         Polar Vortex      |       |       |       |       |     1 |    25 |    30 |    71 |   202 ||   329
         Hailstorm         |       |       |       |       |       |       |       |     2 |    11 ||    13
         Borgnjor's Vile C |       |       |       |       |       |       |       |       |    82 ||    82
         Shatter           |       |       |       |       |       |       |       |       |    19 ||    19
         Blink             |       |       |       |       |       |       |       |       |     1 ||     1
  Evoke: Wand              |       |       |     3 |     4 |       |     8 |     5 |     2 |     5 ||    27
         Phantom mirror    |       |       |       |       |     1 |       |     1 |       |     3 ||     5
         Phial of floods   |       |       |       |       |       |       |       |     1 |       ||     1
         Condenser vane    |       |       |       |       |       |       |       |     1 |       ||     1
         Box of beasts     |       |       |       |       |       |       |       |       |     1 ||     1
    Use: Potion            |       |     1 |     3 |     3 |     3 |     7 |     2 |     2 |    28 ||    49
         Scroll            |       |       |     3 |    18 |    12 |    10 |     7 |    12 |    21 ||    83
   Stab: Sleeping          |     2 |     2 |     4 |     1 |     1 |     1 |       |       |     1 ||    12
         Distracted        |       |       |       |     1 |       |       |       |       |     1 ||     2
         Paralysed         |       |       |       |     4 |       |       |       |       |       ||     4
         Petrified         |       |       |       |       |     5 |       |       |       |       ||     5
         Invisible         |       |       |       |       |       |     1 |       |       |       ||     1
 Armour: Robe              |    31 |    33 |    95 |     6 |       |       |       |       |       ||   165
         Steam dragon scal |       |       |       |   226 |    29 |       |       |       |       ||   255
         Leather armour    |       |       |       |       |   360 |   769 |   159 |    68 |       ||  1356
         Fire dragon scale |       |       |       |       |       |       |       |   323 |  1034 ||  1357
  Dodge: Dodged            |    82 |    87 |   201 |   425 |   612 |  1005 |   316 |   578 |  1567 ||  4873
